 Dungeon Crawl Stone Soup version 0.30-b1-2-g02819fbbbe (webtiles) character file.

Game seed: 14953779272798465907

1621 ketsa the Destroyer (level 8, -2/43 HPs)
             Began as a Deep Elf Conjurer on May 21, 2023.
             Slain by a gnoll sergeant
             ... wielding a +0 trident
              (13 damage)
             ... on level 7 of the Dungeon.
             The game lasted 00:25:31 (8444 turns).

ketsa the Destroyer (Deep Elf Conjurer)             Turns: 8444, Time: 00:25:32

Health: -2/43      AC:  7    Str:  4    XL:     8   Next: 64%
Magic:  5/19       EV: 13    Int: 26    God:
Gold:   286        SH:  5    Dex: 13    Spells: 7/20 levels left

rFire   . . .        d - +0 dagger
rCold   . . .        (no shield)
rNeg    . . .        a - +0 robe
rPois   .            r - +1 hat
rElec   .            (no cloak)
rCorr   .            (no gloves)
SInv    .            (no boots)
Will    .....        e - amulet of reflection
Stlth   ++           s - +4 ring of protection
HPRegen 0.27/turn    (no ring)
MPRegen 0.16/turn

%: reflection
@: no status effects
A: no striking features
a: no special abilities


You were on level 7 of the Dungeon.
You visited 2 branches of the dungeon, and saw 8 of its levels.
You also visited: Ossuary.

You collected 286 gold pieces.

Inventory:

Hand Weapons
 d - a +0 dagger (weapon)
Missiles
 k - 5 poisoned darts
Armour
 a - a +0 robe (worn)
 r - a +1 hat (worn)
Jewellery
 e - an amulet of reflection (around neck)
 g - an amulet of guardian spirit
 p - an amulet of the acrobat
 s - a +4 ring of protection (left hand)
 B - a ring of fire
Wands
 q - a wand of roots (21)
Scrolls
 f - 2 scrolls of magic mapping {unknown}
 h - a scroll of silence {unknown}
 i - a scroll of vulnerability {unknown}
 m - 2 scrolls of fear
 n - 2 scrolls of blinking {unknown}
 o - 2 scrolls of noise {unknown}
 x - a scroll of teleportation {unknown}
 y - 2 scrolls of poison {unknown}
 A - 2 scrolls of identify
 C - a scroll of fog {unknown}
 D - a scroll of enchant armour {unknown}
Potions
 b - 2 potions of magic
 c - 10 potions of curing
 j - a potion of flight
 l - 2 potions of heal wounds
 t - 3 potions of might
 u - 2 potions of lignification
 v - 2 potions of resistance {unknown}
 w - a potion of cancellation {unknown}
 z - 3 potions of attraction {unknown}


   Skills:
 + Level 1.3 Fighting
 + Level 3.3 Dodging
 - Level 2.4 Stealth
 - Level 6.5 Spellcasting
 + Level 8.3 Conjurations
 + Level 7.2 Hexes
 + Level 4.4 Summonings


You had 7 spell levels left.
You knew the following spells:

 Your Spells              Type           Power      Damage    Failure   Level
a - Magic Dart            Conj           100%       1d8       1%          1
b - Searing Ray           Conj           100%       2d8       1%          2
c - Dazzling Flash        Conj/Hex       98%        N/A       1%          3
d - Fulminant Prism       Conj/Hex       24%        3d12      2%          4
e - Call Canine Familiar  Summ           31%        N/A       3%          3

Your spell library contained the following spells:

 Spells                   Type           Power      Damage    Failure   Level
 Portal Projectile        Hex/Tloc       54%        N/A       4%          3
 Iskenderun's Mystic Bla  Conj/Tloc      30%        2d8       12%         4
 Leda's Liquefaction      Hex/Erth       13%        N/A       16%         4
 Gell's Gravitas          Tloc           8%         N/A       21%         3
 Teleport Other           Tloc           8%         N/A       21%         3
 Dispersal                Tloc           4%         N/A       100%        6


Dungeon Overview and Level Annotations

Branches:
Dungeon (7/15) Zot: 26264  Temple (1/1) D:6 Zot: 5887 Ossuary (visited)

Altars:
Ashenzari
Elyvilon
Fedhas
Gozag
Makhleb
Nemelex Xobeh
Okawaru
Ru
Sif Muna
Trog
Uskayaw
Wu Jian
Xom
Yredelemnul
Zin
The Shining One

Shops:
D:1 :!(   D:5 =

Annotations:
D:5 Grinder
D:6 1 runed translucent door, xelsha's ghost, novice GnAE


Message History

Your fulminant prism explodes!
The blast of energy engulfs the gnoll!!
You kill the gnoll!
The blast of energy engulfs the gnoll!!
You kill the gnoll!
The blast of energy engulfs the gnoll!
The gnoll is almost dead.
The blast of energy engulfs the gnoll sergeant!!
The gnoll sergeant is almost dead.
The blast of energy engulfs your hound!!
You kill your hound!
Your hound's corpse disappears in a puff of smoke!
You hear a shout! x2
Casting: Searing Ray (safe; 1% risk of failure)
Confirm with . or Enter, or press ? or * to list all spells.
Aiming: Magic Dart (safe; 1% risk of failure)
Press: ? - help, Shift-Dir - straight line, f - gnoll
Aim: a gnoll, wielding a +0 whip, wearing a +0 ring mail and quivering stones (almost dead, 100% to hit)
The magic dart hits the gnoll but does no damage.
The gnoll is almost dead.
The gnoll throws a stone.
The stone hits you.
* * * LOW HITPOINT WARNING * * *
The gnoll sergeant misses you.
Casting: Magic Dart (safe; 1% risk of failure)
Confirm with . or Enter, or press ? or * to list all spells.
Aiming: Magic Dart (safe; 1% risk of failure)
Press: ? - help, Shift-Dir - straight line, f/p - gnoll
Aim: a gnoll, wielding a +0 whip, wearing a +0 ring mail and quivering stones (almost dead, 100% to hit)
The magic dart hits the gnoll.
You kill the gnoll!
The gnoll sergeant barely misses you.
Casting: Magic Dart (safe; 1% risk of failure)
Confirm with . or Enter, or press ? or * to list all spells.
Aiming: Magic Dart (safe; 1% risk of failure)
Press: ? - help, Shift-Dir - straight line, f - gnoll sergeant
Aim: a gnoll sergeant, wielding a +0 trident, wearing a +0 ring mail and wearing a +0 kite shield (almost dead, 100% to hit)
The magic dart hits the gnoll sergeant but does no damage.
The gnoll sergeant is almost dead.
The gnoll sergeant hits you from afar with a +0 trident!
You die...

##.## #...#.## ##.##
#...### ###......####.##
##.....####...####......##
#..###..#...###
#........### ..## ##....##
#...#......### ..# ##..##
##...##...)...#### .##
#..# #.).###........... )#
##.## ##..## #...........
)# ##..## #.@.#
##.......... .##
###....###..## #......##..
..# ##.......#g))#
#...######.
..###.....#....).# ##.###
##
........####......####..#
##
.......####...##........#
#.
..###...#....######.....##
#. .## ##.....### #)....##
#. .# ###....# ##.h#^..##
##.


You could see a gnoll sergeant.

Vanquished Creatures
  A water moccasin (D:5)
  Duvessa (D:5)
  A black bear (D:6)
  An ice beast (D:6)
  2 sky beasts (D:7)
  A bullfrog (D:6)
  An elf zombie (Ossuary)
  A scorpion (D:5)
  Dowan (D:5)
  A howler monkey (D:6)
  A centaur zombie (Ossuary)
  A hound (D:4)
  2 human zombies (Ossuary)
  A gnoll bouda (D:7)
  A sleepcap (D:5)
  Terence (D:2)
  5 iguanas
  An orc wizard (D:6)
  3 mummies
  11 adders
  8 gnolls (D:7)
  A shadow imp (D:5)
  2 ufetubi
  2 adder zombies (Ossuary)
  3 worms
  2 dart slugs (D:4)
  9 orcs
  8 endoplasms
  8 giant cockroaches
  6 hobgoblins
  13 jackals
  9 kobolds
  6 quokkas
  10 ball pythons
  2 bats
  5 frilled lizards
  3 goblins
  A goblin zombie (Ossuary)
  12 hobgoblin zombies (Ossuary)
  A jackal zombie (Ossuary)
  11 kobold zombies (Ossuary)
  7 orc zombies
  7 rats
  A rat zombie (Ossuary)
175 creatures vanquished.

Vanquished Creatures (collateral kills)
  A gnoll (D:7)
1 creature vanquished.

Vanquished Creatures (others)
  A fulminant prism (D:7)
  21 plants (D:7)
22 creatures vanquished.

Grand Total: 198 creatures vanquished

Notes
Turn   | Place    | Note
-------+----------+-------------------------------------------
     0 | D:1      | ketsa the Deep Elf Conjurer began the quest for the Orb.
     0 | D:1      | Reached XP level 1. HP: 10/10 MP: 6/6
   221 | D:1      | Found Tock's Book Boutique.
   261 | D:1      | Reached XP level 2. HP: 15/15 MP: 2/8
   438 | D:1      | Found Nuan's Distillery.
   535 | D:1      | Found Ufaporr's Antique Weapon Boutique.
   741 | D:2      | Noticed Terence
   803 | D:1      | Learned a level 2 spell: Searing Ray
   909 | D:2      | Reached skill level 5 in Conjurations
   909 | D:2      | Reached XP level 3. HP: 19/19 MP: 3/10
  1312 | D:2      | Killed Terence
  1313 | D:2      | Reached XP level 4. HP: 24/24 MP: 2/12
  1680 | D:3      | Reached skill level 5 in Spellcasting
  2005 | D:3      | Found a shimmering blue altar of Sif Muna.
  2504 | D:3      | Found a glowing golden altar of the Shining One.
  2678 | D:3      | Learned a level 3 spell: Dazzling Flash
  2709 | D:4      | Found a faded altar of an unknown god.
  2709 | D:4      | Found a faded altar of an unknown god.
  2719 | D:4      | Found a shimmering altar of Xom.
  2721 | D:4      | Found a hide-covered altar of Uskayaw.
  2723 | D:4      | Found an opulent altar of Gozag.
  3027 | D:4      | Found a sparkling altar of Nemelex Xobeh.
  3186 | D:4      | Reached skill level 1 in Hexes
  3186 | D:4      | Reached XP level 5. HP: 28/28 MP: 8/14
  3761 | D:5      | Entered Level 5 of the Dungeon
  3761 | D:5      | Found Melo's One-of-a-Kind Rings.
  3765 | D:5      | Noticed Dowan
  3916 | D:5      | Killed Dowan
  3917 | D:5      | Reached skill level 6 in Conjurations
  3933 | D:5      | Reached XP level 6. HP: 32/32 MP: 2/17
  4083 | D:5      | Noticed Duvessa
  4094 | D:5      | Killed Duvessa
  4287 | D:5      | Noticed Grinder
  4298 | D:5      | Paralysed by Grinder for 3 turns
  4680 | D:5      | Reached XP level 7. HP: 36/36 MP: 12/18
  4842 | D:5      | Reached skill level 7 in Conjurations
  4842 | D:5      | Reached skill level 1 in Summonings
  4930 | D:5      | Reached skill level 5 in Hexes
  5116 | D:6      | Found a sand-covered staircase.
  5143 | Ossuary  | Entered an ossuary
  6296 | D:6      | Learned a level 4 spell: Fulminant Prism
  6300 | D:6      | Learned a level 3 spell: Call Canine Familiar
  6434 | D:6      | Found a staircase to the Ecumenical Temple.
  6438 | D:6      | Found a runed translucent door.
  6443 | Temple   | Entered the Ecumenical Temple
  6581 | D:6      | Reached XP level 8. HP: 41/41 MP: 13/19
  6668 | D:6      | Noticed xelsha's ghost (novice GnAE)
  6685 | D:6      | Found a basalt altar of Yredelemnul.
  6724 | D:6      | Found a bloodstained altar of Trog.
  6731 | D:6      | Reached skill level 8 in Conjurations
  8177 | D:7      | Reached skill level 1 in Fighting
  8444 | D:7      | Slain by a gnoll sergeant

Illustrated notes

Levels and vault maps discovered:
D:1:      minmay_arrival_four_houses, layout_rooms, serial_shops, shop,
          nicolae_shop_advertising_works [nicolae_subvault_shop_adworks],
          nicolae_shop_waterfront, chequers_serial_rivers_room_b
D:2:      layout_rooms, minmay_tetromino_o2, uniq_terence
D:3:      layout_loops_ring, tso_altar, overflow_temple_1_default, st_stairs_4,
          nicolae_kite_square_tiling_tiny,
          nicolae_concentric_dashed_squares_wild, grunt_decor_junction
D:4:      layout_basic, chequers_temple_overflow_minitemple,
          nemelex_spade_bored_becter, kennysheep_path_1
D:5:      layout_rooms, nicolae_shop_unique_rings, nicolae_half_adder,
          uniq_duvessa, uniq_grinder
D:6:      layout_loops_ring, jmf_multi_god_temple, temple_fountains,
          nicolae_ossuary_entry_giza, gup_sewer_entry_pipe,
          ebering_ghost_reflecting_pool, kennysheep_generic_room_7
D:7:      layout_layer_cave, riverfiend_overflow_shadow_ancestor,
          nicolae_grassy_gnolls, uniq_maggie
Temple:   hellmonk_temple_beads

Skill      XL: |  1  2  3  4  5  6  7  8 |
---------------+-------------------------+-----
Spellcasting   | 4 5 6 |  6.5
Conjurations   | 5 6 7 8 |  8.3
Hexes          | 1 3 4 6 7 |  7.2
Summonings     | 3 4 |  4.4
Fighting       | 1 |  1.3
Dodging        | 3 |  3.3
Stealth        | |  2.4

Action                     |  1- 3 |  4- 6 |  7- 9 || total
---------------------------+-------+-------+-------++-------
  Melee: Dagger            |       |     7 |       ||     7
   Cast: Magic Dart        |    73 |    88 |   175 ||   336
         Searing Ray       |     4 |    16 |    27 ||    47
         Call Canine Famil |       |       |     3 ||     3
         Fulminant Prism   |       |       |     1 ||     1
         Dazzling Flash    |       |       |     1 ||     1
    Use: Scroll            |       |     5 |     2 ||     7
 Armour: Robe              |     1 |     6 |    21 ||    28
  Dodge: Dodged            |    13 |    15 |    37 ||    65
  Block: Other             |     2 |     7 |    15 ||    24
         Reflection        |       |       |     1 ||     1
